 Dungeon Crawl Stone Soup version 0.21-a0-150-gc243083 (webtiles) character file.

3112 KarmaPolice the Carver (level 9, -3/72 HPs)
             Began as a Vampire Gladiator on July 29, 2017.
             Was a Follower of Kikubaaqudgha.
             Slain by an ogre
             ... wielding a +0 giant spiked club
              (25 damage)
             ... on level 7 of the Dungeon.
             The game lasted 00:25:02 (11769 turns).

KarmaPolice the Carver (Vampire Gladiator)         Turns: 11769, Time: 00:25:03

Health: -3/72      AC:  9    Str: 19    XL:     9   Next: 60%
Magic:  9/9        EV: 13    Int: 11    God:    Kikubaaqudgha [*.....]
Gold:   399        SH:  0    Dex: 15    Spells: 8/8 levels left

rFire    . . .     SeeInvis +   g - +2 dagger (venom)
rCold    + + .     Gourm    .   (no shield)
rNeg     + + .     Faith    .   q - +3 leather armour
rPois    +         Spirit   .   (no helmet)
rElec    .         Reflect  .   (no cloak)
rCorr    .         Harm     .   v - +0 pair of gloves {Str+3}
MR       .....                  o - +0 pair of boots
Stlth    ++........             (no amulet)
HPRegen  0.11/turn              A - ring of protection from cold
MPRegen  0.11/turn              (no ring)

@: regenerating slowly
A: fangs 3, see invisible, unbreathing
a: Bat Form, Receive Corpses, Renounce Religion


You were on level 7 of the Dungeon.
You worshipped Kikubaaqudgha.
Kikubaaqudgha was aware of your devotion.
You were near bloodless.

You visited 2 branches of the dungeon, and saw 8 of its levels.

You collected 399 gold pieces.

Inventory:

Hand Weapons
 a - a +0 long sword
 g - a +2 dagger of venom (weapon)
 m - a +1 short sword of flaming
Missiles
 d - 4 throwing nets (quivered)
Armour
 o - a +0 pair of boots (worn)
 q - a +3 leather armour (worn)
 v - a +0 pair of gloves of strength (worn)
Jewellery
 A - a ring of protection from cold (left hand)
Scrolls
 f - 11 scrolls of identify {unknown}
 i - a scroll of fear {unknown}
 j - 5 scrolls of remove curse {unknown}
 k - 7 scrolls of teleportation {unknown}
 l - 2 scrolls of blinking {unknown}
 n - a scroll of amnesia {unknown}
 p - a scroll of fog {unknown}
 s - 2 scrolls of magic mapping {unknown}
 t - a scroll of enchant armour {unknown}
 w - a scroll of noise {unknown}
 x - a scroll of silence {unknown}
 y - 3 scrolls of recharging {unknown}
Potions
 b - 2 potions of degeneration {unknown}
 c - a potion of magic {unknown}
 e - 14 potions of blood
 h - a potion of might
 r - 2 potions of curing
 u - 2 potions of brilliance {unknown}
 z - 2 potions of heal wounds {unknown}
 B - a potion of resistance {unknown}
Books
 C - Kikubaaqudgha's Papyrus of Evil Secrets
   (Kikubaaqudgha gifted it to you on level 7 of the Dungeon)

   Spells                             Type                      Level
   a - Pain                           Necromancy                   1
   b - Corpse Rot                     Necromancy                   2
   c - Sublimation of Blood           Necromancy                   2
   d - Vampiric Draining              Necromancy                   3
   e - Control Undead                 Necromancy                   4


   Skills:
 + Level 7.2 Fighting
 + Level 8.2 Long Blades
 - Level 1.5 Throwing
 + Level 6.2 Armour
 - Level 3.2 Dodging
 + Level 2.9 Necromancy


You had 8 spell levels left.
You didn't know any spells.

Dungeon Overview and Level Annotations

Branches:
Dungeon (7/15)             Temple (1/1) D:5

Altars:
Dithmenos
Elyvilon
Fedhas
Gozag
Kikubaaqudgha
Nemelex Xobeh
Qazlal
Trog
Vehumet
Wu Jian
Xom
Yredelemnul
Zin

Shops:
D:7 [


Innate Abilities, Weirdness & Mutations

You heal slowly.
You have razor-sharp teeth.
You have supernaturally acute eyesight. (SInv)
You can survive without breathing.


Message History

You start resting.
You hit the ogre but do no damage.
You feel almost devoid of blood!
You hit the ogre.
The ogre is poisoned.
The ogre is lightly wounded.
The ogre barely misses you.
You hit the ogre.
The ogre is moderately wounded.
The ogre looks more healthy.
You hit the ogre.
The ogre is poisoned.
The ogre is moderately wounded.
The ogre hits you with a giant spiked club!
There is a stone staircase leading up here.
The ogre hits you with a giant spiked club!!
There is a stone staircase leading up here.
You hit the ogre.
The ogre is severely wounded.
The ogre hits you with a giant spiked club!!
You die...
Kikubaaqudgha rasps: "You have failed me!
Welcome... oblivion!"

###### ############
#######....###
...........########............#
.#######............#####......##
.# #.#......@O...<......_.... ##
#.########.######.......## ##.#
#.# #.#.....# ###..########.#
#.#.##### #.....#.......#
#.#.###### #####.....#.#######
#.#....... ............#
#>#.###### #####.....#########
#.#.# .......).8..∩..8..# #.#.#


You could see an ogre.

Vanquished Creatures
  A hippogriff (D:7)
  Sigmund (D:2)
  A spriggan (D:7)
  A sky beast (D:7)
  2 phantoms (D:7)
  3 ogres
  2 centaurs
  A big kobold (D:7)
  3 bullfrogs (D:7)
  2 gnoll sergeants (D:6)
  A scorpion (D:4)
  3 wights (D:7)
  A howler monkey (D:6)
  2 crimson imps
  A gnoll shaman (D:4)
  A hound (D:6)
  2 centaur skeletons (D:7)
  A jelly (D:5)
  3 orc priests
  5 orc wizards
  An iguana (D:3)
  A bullfrog skeleton (D:7)
  3 worker ants
  A hound skeleton (D:7)
  2 howler monkey zombies (D:5)
  23 gnolls
  A howler monkey skeleton (D:5)
  8 adders
  2 shadow imps (D:7)
  3 oozes
  3 worms
  4 dart slugs
  A leopard gecko (D:2)
  33 orcs
  4 bats
  5 giant cockroaches
  19 goblins
  10 hobgoblins
  5 jackals
  18 kobolds
  2 quokkas
  2 ball pythons (D:4)
  4 frilled lizards
  A quokka skeleton (D:5)
  9 rats
  A spectral orc (D:5)
203 creatures vanquished.

Vanquished Creatures (others)
  A hobgoblin (D:2)
  A kobold (D:2)
  A rat (D:2)
  A fungus (D:4)
4 creatures vanquished.

Grand Total: 207 creatures vanquished

Notes
Turn   | Place    | Note
-------+----------+-------------------------------------------
     0 | D:1      | KarmaPolice the Vampire Gladiator began the quest for the Orb.
     0 | D:1      | Reached XP level 1. HP: 16/16 MP: 1/1
    80 | D:1      | Reached XP level 2. HP: 8/22 MP: 2/2
   504 | D:1      | Reached skill level 1 in Armour
   562 | D:1      | Reached XP level 3. HP: 28/28 MP: 3/3
  1395 | D:2      | Noticed Sigmund
  1474 | D:2      | Found a white marble altar of Elyvilon.
  1843 | D:2      | Reached XP level 4. HP: 34/34 MP: 4/4
  2638 | D:3      | Reached skill level 4 in Long Blades
  2638 | D:3      | Reached XP level 5. HP: 38/41 MP: 5/5
  3679 | D:4      | HP: 2/41 [poisoned by an adder]
  3989 | D:4      | Reached XP level 6. HP: 28/48 MP: 6/6
  5479 | D:4      | Reached skill level 5 in Long Blades
  5685 | D:4      | Reached XP level 7. HP: 17/55 MP: 7/7
  6396 | D:2      | Killed Sigmund
  7010 | D:4      | Found a blossoming altar of Fedhas.
  7579 | D:4      | Reached skill level 5 in Fighting
  7842 | D:5      | Entered Level 5 of the Dungeon
  7918 | D:5      | Reached skill level 6 in Long Blades
  8250 | D:5      | Found a stormy altar of Qazlal.
  8250 | D:5      | Found a glowing silver altar of Zin.
  8256 | D:5      | Found a faded altar of an unknown god.
  8258 | D:5      | Found a shadowy altar of Dithmenos.
  8260 | D:5      | Found a faded altar of an unknown god.
  8344 | D:5      | Found a staircase to the Ecumenical Temple.
  8348 | D:5      | Reached XP level 8. HP: 35/62 MP: 8/8
  8358 | Temple   | Entered the Ecumenical Temple
  8368 | Temple   | Became a worshipper of Kikubaaqudgha
  8967 | D:5      | Found a basalt altar of Yredelemnul.
  9725 | D:6      | Reached skill level 5 in Armour
  9738 | D:6      | Reached skill level 7 in Long Blades
 10113 | D:7      | Found a shimmering altar of Xom.
 10185 | D:7      | Found Epnouluc's Antique Armour Emporium.
 10541 | D:7      | Reached XP level 9. HP: 71/71 MP: 9/9
 10688 | D:7      | Found a sparkling altar of Nemelex Xobeh.
 11320 | D:7      | Reached * piety under Kikubaaqudgha
 11320 | D:7      | Identified Kikubaaqudgha's Papyrus of Evil Secrets (Kikubaaqudgha gifted it to you on level 7 of the Dungeon)
 11320 | D:7      | Received a gift from Kikubaaqudgha
 11372 | D:7      | Reached skill level 1 in Necromancy
 11564 | D:7      | Reached skill level 8 in Long Blades
 11769 | D:7      | Slain by an ogre

Vault maps used:
D:1:      minmay_arrival_four_circles
D:2:      first_bread, columned_hall_lemuel, elyvilon_altar_4, uniq_sigmund
D:4:      corexii_shantytown, fedhas_altar_3
D:5:      yredelemnul_forgotten_temple_becter,
          chequers_temple_overflow_minitemple, minmay_temple_entry_trees
D:7:      xom_teletrap_fun, serial_shops, shop_statue, the_bakery,
          nemelex_lonely_heart_becter
Temple:   regret_index_temple_sphere_string

Skill      XL: |  1  2  3  4  5  6  7  8  9 |
---------------+----------------------------+-----
Fighting       | 2 3 4 5 6 7 |  7.2
Armour         | 1 2 3 4 5 6 |  6.2
Long Blades    | 4 5 6 7 8 |  8.2
Necromancy     | 2 |  2.9
Throwing       | |  1.5
Dodging        | |  3.2

Action                   |  1- 3 |  4- 6 |  7- 9 || total
-------------------------+-------+-------+-------++-------
Melee: Long sword        |    76 |   201 |    14 ||   291
       Bite              |    11 |    33 |    86 ||   130
       Short sword       |     1 |       |       ||     1
       Unarmed           |       |     9 |     2 ||    11
       Dagger            |       |       |   543 ||   543
 Abil: End Transformatio |       |     2 |     5 ||     7
       Bat Form          |       |     2 |     5 ||     7
  Use: Potion            |       |     7 |     6 ||    13
 Stab: Sleeping          |     2 |     4 |     6 ||    12
       Distracted        |       |     1 |       ||     1
  Eat: Corpse            |     1 |     4 |     7 ||    12
Armor: Leather armour    |    15 |    48 |    87 ||   150
Dodge: Dodged            |    52 |   150 |   263 ||   465
       Rpst.: Long sword |    16 |    42 |     1 ||    59
